 Dungeon Crawl Stone Soup version 0.27-a0-1202-ge72e49191c (webtiles) character file.

Game seed: 4963902150482843082

3698 bilbop the Basher (level 9, -3/81 HPs)
             Began as a Minotaur Hunter on June 5, 2021.
             Was a Follower of Trog.
             Slain by a water moccasin (6 damage)
             ... on level 8 of the Dungeon.
             The game lasted 00:32:50 (8092 turns).

bilbop the Basher (Minotaur Hunter)                 Turns: 8092, Time: 00:32:51

Health: -3/81      AC: 17    Str: 21    XL:     9   Next: 91%
Magic:  9/9        EV:  9    Int:  8    God:    Trog [*.....]
Gold:   388        SH:  0    Dex: 16    Spells: 8/8 levels left

rFire    . . .     SeeInvis .   b - +0 whip (flame)
rCold    . . .     Faith    .   (no shield)
rNeg     . . .     Spirit   .   o - +3 chain mail
rPois    .         Reflect  .   (helmet restricted)
rElec    .         Harm     .   E - +0 cloak
rCorr    .         Rampage  .   g - +0 pair of gloves
Will     .....                  K - +0 pair of boots
Stlth    ..........             (no amulet)
HPRegen  0.23/turn              J - +6 ring of dexterity
MPRegen  0.11/turn              (no ring)

@: no status effects
A: horns 2, retaliatory headbutt
a: Renounce Religion, Berserk


You were on level 8 of the Dungeon.
You worshipped Trog.
Trog was aware of your devotion.
You visited 2 branches of the dungeon, and saw 9 of its levels.

You collected 388 gold pieces.

Inventory:

Hand Weapons
 a - a +1 hand crossbow of flaming
 b - a +0 whip of flaming (weapon)
 d - a +0 short sword
 r - a +0 whip
 H - a +1 hand crossbow
Missiles
 x - a throwing net (quivered)
 C - 38 bolts
Armour
 g - a +0 pair of gloves (worn)
 o - a +3 chain mail (worn)
 E - a +0 cloak (worn)
 K - a +0 pair of boots (worn)
Jewellery
 j - a ring of magical power
 m - an amulet of magic regeneration
 J - a +6 ring of dexterity (left hand)
Wands
 f - a wand of iceblast (9)
 l - a wand of polymorph (11)
Scrolls
 c - 4 scrolls of enchant armour {unknown}
 e - 5 scrolls of teleportation {unknown}
 i - a scroll of acquirement {unknown}
 q - 3 scrolls of amnesia {unknown}
 s - 4 scrolls of identify {unknown}
 t - a scroll of enchant weapon {unknown}
 v - 2 scrolls of vulnerability {unknown}
 y - 2 scrolls of noise {unknown}
 A - a scroll of holy word {unknown}
 F - a scroll of fog {unknown}
 L - a scroll of blinking {unknown}
Potions
 h - 2 potions of attraction {unknown}
 k - 6 potions of cancellation {unknown}
 n - a potion of ambrosia {unknown}
 p - 2 potions of haste {unknown}
 u - 2 potions of resistance {unknown}
 w - 2 potions of lignification {unknown}
 z - 2 potions of might {unknown}
 B - 2 potions of curing {unknown}
 D - a potion of heal wounds {unknown}
 G - 2 potions of degeneration {unknown}
 I - a potion of berserk rage {unknown}


   Skills:
 + Level 7.9 Fighting
 * Level 10.4 Maces & Flails
 + Level 8.2 Crossbows
 + Level 7.2 Armour
 - Level 2.1 Dodging
 - Level 0.7 Stealth
 + Level 2.3 Invocations


You had 8 spell levels left.
You didn't know any spells.
Your spell library was empty.

Dungeon Overview and Level Annotations

Branches:
Dungeon (8/15)             Temple (1/1) D:7
   Lair: D:8-11

Altars:
Cheibriados
Dithmenos
Elyvilon
Gozag
Hepliaklqana
Kikubaaqudgha
Makhleb
Nemelex Xobeh
Okawaru
Qazlal
Ru
Sif Muna
Trog
Uskayaw
Vehumet
Wu Jian
Xom
Yredelemnul
Zin
The Shining One

Shops:
D:1 *   D:3 (   D:6 (


Innate Abilities, Weirdness & Mutations

You have a pair of horns on your head.
You reflexively headbutt those who attack you in melee.


Message History

Your chain mail prevents you from hitting something.
Your headbutt misses something. Something hits you but does no damage.
You miss something. You headbutt something. Something hits you.
* * * LOW HITPOINT WARNING * * *
Something burns you.
* * * LOW HITPOINT WARNING * * *
You miss something. You hit something. You burn something. Something hits you!
* * * LOW HITPOINT WARNING * * *
Something burns you.
* * * LOW HITPOINT WARNING * * *
You miss something. Your headbutt misses something. You miss something.
Your headbutt misses something. Something hits you but does no damage.
You hit something. You burn something. You headbutt something!
Something hits you but does no damage.
You miss something. You hit something. You burn something.
Trog accepts your kill.
You can now go berserk at will.
Trog appreciates your killing of a magic user.
Reactivating autopickup.
You feel a bit more experienced.
Your Maces & Flails skill increases to level 10!
Your Crossbows skill increases to level 8!
Your Armour skill increases to level 7!
Your Invocations skill increases to level 2!
You hit the water moccasin. You burn the water moccasin.
You headbutt the water moccasin, but do no damage.
The water moccasin is lightly wounded.
The water moccasin bites you but does no damage.
You whack the water moccasin! You burn the water moccasin.
The water moccasin is heavily wounded.
You hit the water moccasin. You burn the water moccasin.
Your headbutt misses the water moccasin.
The water moccasin is severely wounded.
The water moccasin bites you but does no damage.
You hit the water moccasin. You burn the water moccasin.
The water moccasin is almost dead.
The water moccasin bites you.
You die...

#......# #......#
#......#
#...>..####
#.........#######
#.....[##........
.
###.#############
...(######.# #
..(.ooS@...#
#####
#.#######.^.....#
##...#
##.####..##.....
#.# #...... #.#
#..._.. #.#
#...... #..
##..... ##. ###
##...# #..# ..#
###.##


You could see a water moccasin, an orc priest and an orc.

Vanquished Creatures
  Erica (D:8)
  Pikel (D:5)
  Sigmund (D:4)
  A water moccasin (D:6)
  2 orc warriors
  Duvessa (D:5)
  An ice beast (D:6)
  A sky beast (D:6)
  A black bear (D:6)
  2 necrophages
  3 ogres
  A lemure (D:5)
  2 bullfrogs (D:7)
  A scorpion (D:4)
  A wyvern zombie (D:7)
  Dowan (D:5)
  2 water moccasin zombies
  3 wights (D:6)
  2 howler monkeys (D:8)
  2 centaur zombies
  2 jellies
  An orc priest (D:7)
  2 hounds
  Jessica (D:2)
  5 iguanas
  Ijyb (D:4)
  3 orc wizards
  A killer bee zombie (D:6)
  A hound skeleton (D:4)
  10 adders
  A shadow imp (D:6)
  2 white imps
  2 worms (D:5)
  3 dart slugs
  25 orcs
  5 endoplasms
  4 giant cockroaches
  5 goblins (D:1)
  6 hobgoblins
  9 kobolds
  5 quokkas
  8 ball pythons
  8 bats
  2 frilled lizards
  5 rats
147 creatures vanquished.

Vanquished Creatures (others)
  An orc wizard (D:8)
1 creature vanquished.

Grand Total: 148 creatures vanquished

Notes
Turn   | Place    | Note
-------+----------+-------------------------------------------
     0 | D:1      | bilbop the Minotaur Hunter began the quest for the Orb.
     0 | D:1      | Reached XP level 1. HP: 18/18 MP: 0/0
   227 | D:1      | Reached skill level 1 in Maces & Flails
   253 | D:1      | Reached XP level 2. HP: 22/25 MP: 1/1
   381 | D:1      | Found Hurchopn's Assorted Antiques.
   659 | D:1      | Reached skill level 1 in Armour
   818 | D:2      | Reached XP level 3. HP: 30/30 MP: 2/2
   843 | D:2      | Reached skill level 2 in Maces & Flails
   843 | D:2      | Found a glowing golden altar of the Shining One.
  1003 | D:2      | Noticed Jessica
  1009 | D:2      | Killed Jessica
  1170 | D:2      | Reached XP level 4. HP: 38/38 MP: 3/3
  1747 | D:3      | Found Syankine's Antique Weapon Boutique.
  1754 | D:3      | Reached skill level 3 in Maces & Flails
  1800 | D:3      | Found a glowing golden altar of the Shining One.
  1846 | D:3      | Reached skill level 5 in Crossbows
  1901 | D:3      | Found a faded altar of an unknown god.
  1982 | D:3      | Found a shimmering altar of Xom.
  2018 | D:3      | Reached XP level 5. HP: 45/45 MP: 4/4
  2753 | D:4      | Noticed an ogre
  2758 | D:4      | Killed an ogre
  2759 | D:4      | Reached skill level 4 in Maces & Flails
  2954 | D:4      | Noticed an ogre
  2961 | D:4      | Killed an ogre
  2962 | D:4      | Reached XP level 6. HP: 22/52 MP: 5/5
  3225 | D:4      | Noticed Sigmund
  3230 | D:4      | Killed Sigmund
  3231 | D:4      | Reached skill level 5 in Maces & Flails
  3253 | D:4      | Reached XP level 7. HP: 59/60 MP: 6/6
  3413 | D:4      | Noticed Ijyb
  3435 | D:4      | Killed Ijyb
  3722 | D:4      | Found a snail-covered altar of Cheibriados.
  3727 | D:4      | Found a radiant altar of Vehumet.
  3729 | D:4      | Found a hide-covered altar of Uskayaw.
  3730 | D:4      | Found a sacrificial altar of Ru.
  3730 | D:4      | Found an opulent altar of Gozag.
  4171 | D:5      | Entered Level 5 of the Dungeon
  4318 | D:5      | Reached skill level 5 in Fighting
  4318 | D:5      | Reached skill level 6 in Maces & Flails
  4850 | D:5      | Noticed Duvessa
  4850 | D:5      | Noticed Dowan
  4886 | D:5      | Killed Duvessa
  4905 | D:5      | Killed Dowan
  5009 | D:5      | Noticed Pikel
  5044 | D:5      | Killed Pikel
  5045 | D:5      | Reached skill level 7 in Maces & Flails
  5045 | D:5      | Reached skill level 5 in Armour
  5045 | D:5      | Reached XP level 8. HP: 41/70 MP: 7/7
  5052 | D:5      | Reached skill level 8 in Maces & Flails
  5478 | D:6      | Found a basalt altar of Yredelemnul.
  5864 | D:6      | Found Pimed's Weapon Shoppe.
  5927 | D:6      | Reached XP level 9. HP: 70/78 MP: 8/8
  5995 | D:6      | Reached skill level 9 in Maces & Flails
  6548 | D:7      | Found a staircase to the Ecumenical Temple.
  6654 | Temple   | Entered the Ecumenical Temple
  7025 | Temple   | Became a worshipper of Trog the Wrathful
  7323 | D:7      | Found a white marble altar of Elyvilon.
  7462 | D:7      | Reached skill level 1 in Invocations
  7895 | D:8      | Found a shadowy altar of Dithmenos.
  7985 | D:8      | Found an ancient bone altar of Kikubaaqudgha.
  8047 | D:8      | Noticed Erica
  8083 | D:8      | HP: 2/79 [something (4)]
  8088 | D:8      | Killed Erica
  8088 | D:8      | Reached * piety under Trog
  8089 | D:8      | Reached skill level 10 in Maces & Flails
  8092 | D:8      | Slain by a water moccasin

Illustrated notes

Levels and vault maps discovered:
D:1:      sevenhm_arrival_forest_fort_large_4, layout_basic, serial_shops, shop,
          minmay_fountain_box
D:2:      layout_basic, basic_altar, minmay_pentomino_pile, uniq_jessica
D:3:      layout_basic, xom_butterflies, lemuel_tele_altar,
          ebering_ecumenical_altar_sacrificial, serial_shops,
          nicolae_shop_crystal
D:4:      layout_loops_corners, minitemple, amethyst_killhole, uniq_ijyb,
          uniq_sigmund
D:5:      layout_cave_pools, serial_park_tiny_1, uniq_duvessa, uniq_pikel
D:6:      layout_basic, yredelemnul_altar_generic, serial_shops, shop_fountains
D:7:      layout_loops_ring, elyvilon_altar_1,
          minmay_temple_entry_statues_pillars, columned_hall_lemuel
D:8:      layout_rooms, lemuel_round_altar, lemuel_doored_altar,
          gammafunk_temple_overflow_statue, uniq_erica
Temple:   compressed_dpeg_triangle_lava_temple

Skill      XL: |  1  2  3  4  5  6  7  8  9 |
---------------+----------------------------+-----
Maces & Flails | 1 2 3 4 5 7 8 10 | 10.4
Armour         | 1 2 3 5 6 7 |  7.2
Fighting       | 3 4 6 7 |  7.9
Crossbows      | 5 6 7 8 |  8.2
Invocations    | 2 |  2.3
Dodging        | |  2.1
Stealth        | |  0.7

Action                   |  1- 3 |  4- 6 |  7- 9 || total
-------------------------+-------+-------+-------++-------
Melee: Short sword       |     2 |     9 |       ||    11
       Headbutt          |       |     6 |    62 ||    68
       Whip              |       |     8 |   354 ||   362
 Fire: Hand crossbow     |    73 |    69 |    88 ||   230
Armor: Leather armour    |     2 |       |       ||     2
       Ring mail         |     7 |       |       ||     7
       Plate armour      |     8 |    14 |       ||    22
       Chain mail        |       |    20 |   146 ||   166
Dodge: Dodged            |     7 |    21 |    91 ||   119

Table legend: (Time is in decaauts)
 A = Elapsed time spent in this place.
 B = Non-inter-level travel time spent in this place.
 C = Inter-level travel time spent in this place.
 D = Time resting spent in this place.
 E = Time spent auto-exploring this place.
 F = Levels seen in this place.
 G = Mean time per level.
                   A        B        C        D        E       F      G
               +--------+--------+--------+--------+--------+-----+--------+
         Total |   8025 |   7758 |    267 |    860 |   5740 |   9 |  891.7 |
       Dungeon |   7646 |   7394 |    252 |    860 |   5379 |   8 |  955.8 |
        Temple |    378 |    363 |     15 |      0 |    361 |   1 |  378.0 |
               +--------+--------+--------+--------+--------+-----+--------+

Top non-repeatable levels by time:
     D:4: 1511 daAuts
     D:5: 1190 daAuts
     D:2: 1038 daAuts
     D:7: 1003 daAuts
     D:3: 989 daAuts
     D:6: 949 daAuts
     D:1: 735 daAuts
  Temple: 378 daAuts
     D:8: 228 daAuts
